Stars vs RedWings

Created - 11 mars 2018 at 20:06

Goals
1 2 3 T
Stars 0 0 2 2
RedWings 0 3 1 4
Shots
1 2 3 T
Stars 8 8 6 22
RedWings 8 20 10 38

1st period

No Goal

Penalties :
Filip Forsberg (DET) for Slashing (Minor) at 2:14, Paul Byron (DAL) for Tripping (Minor) at 3:38, Dennis Seidenberg (DET) for Elbowing (Minor) at 15:08, Jack Eichel (DAL) for High sticking (Double Minor) at 18:41

2nd period

1. RedWings , David Pastrnak 38 (Loui Eriksson 15) at 0:10 (PP)
2. RedWings , Ben Lovejoy 8 (Jonathan Drouin 15, Filip Forsberg 48) at 0:26 (PP)
3. RedWings , Erik Haula 8 (Tyler Toffoli 17, Kris Russell 20) at 1:10

Penalties :
Rasmus Ristolainen (DAL) for Slashing (Minor) at 12:36

3rd period

4. Stars , Duncan Keith 5 (John Klingberg 24, Jack Eichel 29) at 4:22 (PP)
5. Stars , Jack Eichel 23 (Zdeno Chara 26, Duncan Keith 29) at 10:58
6. RedWings , Filip Forsberg 39 (David Pastrnak 46, Sean Monahan 54) at 18:18

Penalties :
Paul Byron (DAL) for Hooking (Minor) at 1:41, Filip Forsberg (DET) for Goalie Interference (Minor) at 4:14, Brandon Manning (DAL) for Hooking (Minor) at 4:32, Dennis Seidenberg (DET) for Cross-checking (Minor) at 11:14

Goalie Stats

Jonathan Quick (DAL), 34 saves from 38 shots - (0.895), L, 27-20-12, 60:00 minutes
Roberto Luongo (DET), 20 saves from 22 shots - (0.909), W, 25-19-2, 60:00 minutes

Players Stats for Stars

Player Name              G  A  P  +/- PIM S  H  SB GA TA FO     MP     PP MP  PK MP  
------------------------------------------------------------------------------------
Brandon Manning          0  0  0   0  2   0  1  1  0  0  0/0    11:41   0:00   1:07 
Devin Shore              0  0  0   0  0   0  0  0  0  0  5/9     9:52   0:00   0:40 
Duncan Keith             1  1  2   0  0   2  0  3  0  0  0/0    27:55   2:45   4:17 
Jack Eichel              1  1  2   0  4   6  1  0  0  0  14/27  19:19   2:35   0:00 
Jakub Voracek            0  0  0  -1  0   0  0  0  0  0  0/1    15:44   2:55   0:00 
Jeff Petry               0  0  0   0  0   0  0  0  0  0  0/0    15:18   0:00   4:43 
John Klingberg           0  1  1  -1  0   1  0  1  0  0  0/0    18:55   2:45   0:16 
John Mitchell            0  0  0   0  0   2  2  1  0  0  7/10    9:39   0:00   2:28 
Jonathan Huberdeau       0  0  0   0  0   1  2  0  0  0  0/1    20:42   2:35   1:56 
Jonny Brodzinski         0  0  0   0  0   0  0  0  0  0  0/1     7:11   0:00   0:00 
Kyle Okposo              0  0  0   0  0   3  1  0  0  0  2/2    18:47   2:35   0:00 
Michael Bournival        0  0  0   0  0   0  0  0  0  0  0/0     7:11   0:00   0:00 
Paul Byron               0  0  0  -1  4   3  3  0  0  0  2/3    18:49   2:54   3:41 
Rasmus Ristolainen       0  0  0  -1  2   0  3  0  0  0  0/0    20:20   2:45   3:07 
Richard Panik            0  0  0   0  0   1  1  0  0  0  0/1    10:13   0:00   1:01 
Ryan Nugent-Hopkins      0  0  0  -1  0   1  1  1  0  0  16/32  21:09   2:55   5:58 
Tommy Wingels            0  0  0   0  0   0  1  0  0  0  0/0    11:40   0:00   2:28 
Zdeno Chara              0  1  1   0  0   2  5  5  0  0  0/0    25:49   2:45   4:42 

Players Stats for RedWings

Player Name              G  A  P  +/- PIM S  H  SB GA TA FO     MP     PP MP  PK MP  
------------------------------------------------------------------------------------
Andrew Cogliano          0  0  0   0  0   0  0  0  0  0  0/0     1:29   0:00   1:29 
Ben Lovejoy              1  0  1  -1  0   2  2  1  0  0  0/0    23:01   4:38   2:33 
David Pastrnak           1  1  2   1  0   3  2  1  0  0  0/3    20:32   4:19   0:35 
Dennis Seidenberg        0  0  0   1  4   1  2  1  0  0  0/0    18:16   0:30   0:36 
Eric Gryba               0  0  0   1  0   2  5  0  0  0  0/0    17:06   4:28   0:16 
Erik Haula               1  0  1   1  0   4  0  0  0  0  16/25  17:23   0:32   2:51 
Filip Forsberg           1  1  2   1  4   4  2  0  0  0  1/3    20:20   4:47   0:00 
Jonathan Drouin          0  1  1  -1  0   2  0  0  0  0  0/0    19:39   4:06   0:05 
Kris Russell             0  1  1   1  0   0  0  2  0  0  0/0    19:45   0:00   2:33 
Loui Eriksson            0  1  1  -1  0   2  0  0  0  0  0/1    22:48   4:03   3:43 
Micheal Ferland          0  0  0   0  0   1  0  0  0  0  0/0     4:46   0:51   0:00 
Nick Jensen              0  0  0   1  0   1  0  1  0  0  0/0    11:47   0:00   0:00 
Paul Martin              0  0  0  -1  0   2  0  2  0  0  0/0    23:28   4:28   2:53 
Ryan Hartman             0  0  0   1  0   4  1  0  0  0  1/1     9:51   0:00   0:00 
Sam Gagner               0  0  0  -1  0   2  0  0  0  0  9/23   19:34   3:48   0:00 
Sean Monahan             0  1  1   1  0   6  2  0  0  0  13/29  22:01   4:46   1:40 
Thomas Hickey            0  0  0   0  0   0  0  1  0  0  0/0     6:35   4:08   2:09 
Tyler Toffoli            0  1  1   1  0   2  0  0  0  0  1/2    15:30   0:06   0:37 

3 Stars

1 - David Pastrnak (DET)
2 - Erik Haula (DET)
3 - Duncan Keith (DAL)

Power Play

Stars - 1 on 4 Attempt(s) - 25.00%
RedWings - 2 on 6 Attempt(s) - 33.33%

Penalty Kill

Stars - 4 on 6 Attempt(s) - 66.67% - Score 0 goal in Penalty Kill
RedWings - 3 on 4 Attempt(s) - 75.00% - Score 0 goal in Penalty Kill

Team Stat

Stars - Hits : 21 - Faceoff Wins : 46 - Blocked Shots : 12 - Penalty Minutes : 12
RedWings - Hits : 16 - Faceoff Wins : 41 - Blocked Shots : 9 - Penalty Minutes : 8

Official

Referees : Mike Hasenfratz and Wes McCauley
Linesman : Devin Berg and Brandon Gawryletz

Game Notes

No Game Note

Finance

Level 1 -- Attendance: 6500 (100.00%) -- Ticket Income 435 500 $
Level 2 -- Attendance: 5000 (100.00%) -- Ticket Income 250 000 $
Level 3 -- Attendance: 3500 (100.00%) -- Ticket Income 94 500 $
Level 4 -- Attendance: 2727 (67.72%) -- Ticket Income 21 816 $
Luxury Box -- Attendance: 1000 (100.00%) -- Ticket Income 130 000 $
Game was played at the Joe Louis Arena.
Total Attendance: 18727 (93.51%)
Total Ticket Income: 931 816 $
Other Income: 139 772 $
Total Income: 1 071 588 $

% Time on Ice - Stars

Lines # - Real PCT - Wanted PCT - Time Play
Normal Forward
1 - 36% - 40% - 16:11
2 - 27% - 30% - 12:15
3 - 21% - 20% - 9:12
4 - 16% - 10% - 7:11
Normal Defense
1 - 41% - 40% - 18:21
2 - 31% - 30% - 13:55
3 - 24% - 20% - 10:35
4 - 4% - 10% - 1:58
PP Forward
1 - 47% - 60% - 2:35
2 - 53% - 40% - 2:55
PP Defense
1 - 50% - 60% - 2:45
2 - 50% - 40% - 2:45
PK Forward
1 - 73% - 60% - 6:38
2 - 27% - 40% - 2:28
PK Defense
1 - 47% - 60% - 4:17
2 - 53% - 40% - 4:49
PK3 Forward
1 - 0% - 60%
2 - 0% - 40%
PK3 Defense
1 - 0% - 60%
2 - 0% - 40%
44 Forward
1 - 97% - 60% - 0:34
2 - 3% - 40% - 0:01
44 Defense
1 - 97% - 60% - 0:34
2 - 3% - 40% - 0:01
Last Minute Offensive  - 0:00
Last Minute Defensive  - 0:00
Total
Forward - 60:00
Defense - 60:00

% Time on Ice - RedWings

Lines # - Real PCT - Wanted PCT - Time Play
Normal Forward
1 - 34% - 40% - 15:01
2 - 36% - 30% - 16:02
3 - 22% - 20% - 9:51
4 - 9% - 10% - 3:55
Normal Defense
1 - 34% - 40% - 15:24
2 - 38% - 30% - 17:12
3 - 26% - 20% - 11:47
4 - 1% - 10% - 0:26
PP Forward
1 - 47% - 60% - 4:19
2 - 53% - 40% - 4:47
PP Defense
1 - 49% - 60% - 4:28
2 - 51% - 40% - 4:38
PK Forward
1 - 73% - 60% - 4:00
2 - 27% - 40% - 1:30
PK Defense
1 - 46% - 60% - 2:33
2 - 54% - 40% - 2:57
PK3 Forward
1 - 0% - 60%
2 - 0% - 40%
PK3 Defense
1 - 0% - 60%
2 - 0% - 40%
44 Forward
1 - 100% - 60% - 0:35
2 - 0% - 40% - 0:00
44 Defense
1 - 100% - 60% - 0:35
2 - 0% - 40% - 0:00
Last Minute Offensive  - 0:00
Last Minute Defensive  - 0:00
Total
Forward - 60:00
Defense - 60:00

Play by Play

1st period


0:01 of 1st period - Jack Eichel wins face-off versus Sean Monahan in neutral zone.
0:36 of 1st period - Shot by David Pastrnak.
0:36 of 1st period - Shot Blocked by Duncan Keith.
0:53 of 1st period - Icing by Zdeno Chara.
0:54 of 1st period - Erik Haula wins face-off versus Jack Eichel in Stars zone.
0:55 of 1st period - Shot by Tyler Toffoli.
0:55 of 1st period - Stopped by Jonathan Quick without a rebound.
0:56 of 1st period - Ryan Hartman wins face-off versus Ryan Nugent-Hopkins in Stars zone.
1:06 of 1st period - Shot by Jakub Voracek.
1:06 of 1st period - Shot Misses the Net.
1:08 of 1st period - Shot by Paul Byron.
1:08 of 1st period - Stopped by Roberto Luongo without a rebound.
1:09 of 1st period - Sam Gagner wins face-off versus Devin Shore in RedWings zone.
1:25 of 1st period - Off-side.
1:26 of 1st period - Erik Haula wins face-off versus Ryan Nugent-Hopkins in neutral zone.
1:51 of 1st period - Shot by John Klingberg.
1:51 of 1st period - Stopped by Roberto Luongo without a rebound.
1:52 of 1st period - John Mitchell wins face-off versus Sam Gagner in RedWings zone.
2:05 of 1st period - Shot by Jonny Brodzinski.
2:05 of 1st period - Shot Misses the Net.
2:07 of 1st period - Shot by Michael Bournival.
2:07 of 1st period - Shot Misses the Net.
2:09 of 1st period - Shot by John Mitchell.
2:09 of 1st period - Stopped by Roberto Luongo without a rebound.
2:10 of 1st period - Sean Monahan wins face-off versus Devin Shore in RedWings zone.
2:10 of 1st period - Filip Forsberg is hit by Richard Panik and loses puck.
2:14 of 1st period - Minor Penalty to Filip Forsberg for Slashing.
2:15 of 1st period - Jack Eichel wins face-off versus Erik Haula in RedWings zone.
2:47 of 1st period - Shot by Kyle Okposo.
2:47 of 1st period - Deflect By Jack Eichel.
2:47 of 1st period - Stopped by Roberto Luongo without a rebound.
2:48 of 1st period - Erik Haula wins face-off versus Ryan Nugent-Hopkins in RedWings zone.
2:56 of 1st period - Icing by Jakub Voracek.
2:57 of 1st period - Erik Haula wins face-off versus Ryan Nugent-Hopkins in Stars zone.
2:57 of 1st period - Paul Martin is hit by Rasmus Ristolainen and loses puck.
3:01 of 1st period - Loui Eriksson is hit by Zdeno Chara and loses puck.
3:38 of 1st period - Minor Penalty to Paul Byron for Tripping.
3:39 of 1st period - Sean Monahan wins face-off versus Jack Eichel in Stars zone.
4:38 of 1st period - Shot by Sam Gagner.
4:38 of 1st period - Stopped by Jonathan Quick with a rebound.
6:53 of 1st period - Loui Eriksson is hit by Jonathan Huberdeau and loses puck.
7:10 of 1st period - Shot by Jack Eichel.
7:10 of 1st period - Shot Misses the Net.
7:13 of 1st period - Jack Eichel is hit by Eric Gryba and loses puck.
7:22 of 1st period - Icing by Duncan Keith.
7:23 of 1st period - Sean Monahan wins face-off versus Jack Eichel in Stars zone.
7:30 of 1st period - Shot by David Pastrnak.
7:30 of 1st period - Shot Misses the Net.
7:57 of 1st period - Shot by David Pastrnak.
7:57 of 1st period - Shot Misses the Net.
8:22 of 1st period - Shot by Jakub Voracek.
8:22 of 1st period - Shot Misses the Net.
9:29 of 1st period - Off-side.
9:30 of 1st period - Jack Eichel wins face-off versus Sean Monahan in neutral zone.
9:33 of 1st period - Nick Jensen is hit by Kyle Okposo and loses puck.
10:04 of 1st period - Shot by Jonathan Huberdeau.
10:04 of 1st period - Stopped by Roberto Luongo without a rebound.
10:05 of 1st period - Ryan Nugent-Hopkins wins face-off versus Erik Haula in RedWings zone.
10:08 of 1st period - Shot by Paul Byron.
10:08 of 1st period - Stopped by Roberto Luongo without a rebound.
10:09 of 1st period - Ryan Nugent-Hopkins wins face-off versus Erik Haula in RedWings zone.
10:36 of 1st period - Shot by Ryan Hartman.
10:36 of 1st period - Stopped by Jonathan Quick with a rebound.
10:38 of 1st period - Shot by Ryan Hartman.
10:38 of 1st period - Stopped by Jonathan Quick without a rebound.
10:39 of 1st period - Jack Eichel wins face-off versus Sam Gagner in Stars zone.
10:41 of 1st period - Icing by Jonathan Huberdeau.
10:42 of 1st period - Sam Gagner wins face-off versus Jack Eichel in Stars zone.
10:58 of 1st period - Jonathan Huberdeau is hit by Ben Lovejoy and loses puck.
11:06 of 1st period - Icing by Loui Eriksson.
11:07 of 1st period - Sam Gagner wins face-off versus Ryan Nugent-Hopkins in RedWings zone.
11:07 of 1st period - Sam Gagner is hit by Ryan Nugent-Hopkins.
11:38 of 1st period - Shot by Sean Monahan.
11:38 of 1st period - Stopped by Jonathan Quick without a rebound.
11:39 of 1st period - Sean Monahan wins face-off versus Jack Eichel in Stars zone.
12:18 of 1st period - Shot by Filip Forsberg.
12:18 of 1st period - Shot Misses the Net.
14:58 of 1st period - Kyle Okposo is hit by Dennis Seidenberg and loses puck.
15:08 of 1st period - Minor Penalty to Dennis Seidenberg for Elbowing.
15:09 of 1st period - Ryan Nugent-Hopkins wins face-off versus Sean Monahan in RedWings zone.
16:09 of 1st period - Shot by Kyle Okposo.
16:09 of 1st period - Shot Misses the Net.
16:11 of 1st period - Shot by Rasmus Ristolainen.
16:11 of 1st period - Shot Misses the Net.
16:13 of 1st period - Shot by Zdeno Chara.
16:13 of 1st period - Shot Blocked by David Pastrnak.
16:15 of 1st period - Shot by Zdeno Chara.
16:15 of 1st period - Stopped by Roberto Luongo without a rebound.
16:16 of 1st period - Erik Haula wins face-off versus Paul Byron in RedWings zone.
16:41 of 1st period - Shot by Ryan Nugent-Hopkins.
16:41 of 1st period - Stopped by Roberto Luongo without a rebound.
16:42 of 1st period - Jack Eichel wins face-off versus Sean Monahan in RedWings zone.
16:55 of 1st period - Off-side.
16:56 of 1st period - Jack Eichel wins face-off versus Erik Haula in neutral zone.
17:14 of 1st period - Richard Panik is hit by Eric Gryba and loses puck.
17:31 of 1st period - Shot by David Pastrnak.
17:31 of 1st period - Shot Misses the Net.
17:37 of 1st period - Shot by Sean Monahan.
17:37 of 1st period - Stopped by Jonathan Quick with a rebound.
17:54 of 1st period - Off-side.
17:55 of 1st period - Erik Haula wins face-off versus Jack Eichel in neutral zone.
18:21 of 1st period - Icing by Ben Lovejoy.
18:22 of 1st period - Erik Haula wins face-off versus Ryan Nugent-Hopkins in RedWings zone.
18:27 of 1st period - Shot by Micheal Ferland.
18:27 of 1st period - Stopped by Jonathan Quick without a rebound.
18:28 of 1st period - Sam Gagner wins face-off versus Ryan Nugent-Hopkins in Stars zone.
18:28 of 1st period - Sam Gagner is hit by Rasmus Ristolainen.
18:34 of 1st period - Shot by Sam Gagner.
18:34 of 1st period - Stopped by Jonathan Quick without a rebound.
18:35 of 1st period - Jack Eichel wins face-off versus Sam Gagner in Stars zone.
18:40 of 1st period - Loui Eriksson is hit by Jack Eichel.
18:41 of 1st period - Double Minor Penalty to Jack Eichel for High sticking.
18:42 of 1st period - Ryan Nugent-Hopkins wins face-off versus Sam Gagner in Stars zone.
Goals for this period are 0 for Stars vs 0 for RedWings.
Shots for this period are 8 for Stars vs 8 for RedWings.

2nd period


0:01 of 2nd period - Ryan Nugent-Hopkins wins face-off versus Sam Gagner in neutral zone.
0:10 of 2nd period - Shot by David Pastrnak.
0:10 of 2nd period - Goal by David Pastrnak - Stars : 0 - RedWings : 1.
0:11 of 2nd period - Sean Monahan wins face-off versus Ryan Nugent-Hopkins in neutral zone.
0:24 of 2nd period - Shot by Jonathan Drouin.
0:24 of 2nd period - Stopped by Jonathan Quick with a rebound.
0:26 of 2nd period - Shot by Ben Lovejoy.
0:26 of 2nd period - Goal by Ben Lovejoy - Stars : 0 - RedWings : 2.
0:27 of 2nd period - Jack Eichel wins face-off versus Erik Haula in neutral zone.
0:35 of 2nd period - Icing by Dennis Seidenberg.
0:36 of 2nd period - Erik Haula wins face-off versus Jack Eichel in RedWings zone.
1:04 of 2nd period - Shot by Tyler Toffoli.
1:04 of 2nd period - Shot Blocked by Zdeno Chara.
1:06 of 2nd period - Shot by Kris Russell.
1:06 of 2nd period - Deflect By Erik Haula.
1:06 of 2nd period - Stopped by Jonathan Quick with a rebound.
1:08 of 2nd period - Shot by Tyler Toffoli.
1:08 of 2nd period - Shot Misses the Net.
1:10 of 2nd period - Shot by Erik Haula.
1:10 of 2nd period - Goal by Erik Haula - Stars : 0 - RedWings : 3.
1:11 of 2nd period - Ryan Nugent-Hopkins wins face-off versus Sean Monahan in neutral zone.
1:17 of 2nd period - Off-side.
1:18 of 2nd period - Ryan Nugent-Hopkins wins face-off versus David Pastrnak in neutral zone.
1:29 of 2nd period - Icing by Rasmus Ristolainen.
1:30 of 2nd period - Sam Gagner wins face-off versus Ryan Nugent-Hopkins in Stars zone.
1:37 of 2nd period - Shot by Jonathan Drouin.
1:37 of 2nd period - Shot Misses the Net.
1:39 of 2nd period - Shot by Nick Jensen.
1:39 of 2nd period - Stopped by Jonathan Quick without a rebound.
1:40 of 2nd period - Sean Monahan wins face-off versus Jonathan Huberdeau in Stars zone.
1:43 of 2nd period - Shot by Filip Forsberg.
1:43 of 2nd period - Deflect By Sean Monahan.
1:43 of 2nd period - Stopped by Jonathan Quick with a rebound.
2:20 of 2nd period - Filip Forsberg is hit by Zdeno Chara and loses puck.
2:47 of 2nd period - Icing by Dennis Seidenberg.
2:48 of 2nd period - Sam Gagner wins face-off versus Ryan Nugent-Hopkins in RedWings zone.
3:07 of 2nd period - Shot by Paul Byron.
3:07 of 2nd period - Deflect By Ryan Nugent-Hopkins.
3:07 of 2nd period - Shot Blocked by Kris Russell.
3:17 of 2nd period - Shot by Jakub Voracek.
3:17 of 2nd period - Shot Misses the Net.
3:48 of 2nd period - Shot by Richard Panik.
3:48 of 2nd period - Stopped by Roberto Luongo without a rebound.
3:49 of 2nd period - John Mitchell wins face-off versus Erik Haula in RedWings zone.
3:49 of 2nd period - Duncan Keith is hit by Eric Gryba and loses puck.
3:57 of 2nd period - Tyler Toffoli is hit by Zdeno Chara and loses puck.
4:04 of 2nd period - Shot by Ryan Hartman.
4:04 of 2nd period - Shot Blocked by John Mitchell.
4:06 of 2nd period - Shot by Erik Haula.
4:06 of 2nd period - Stopped by Jonathan Quick without a rebound.
4:07 of 2nd period - Devin Shore wins face-off versus Filip Forsberg in Stars zone.
5:00 of 2nd period - Shot by Kyle Okposo.
5:00 of 2nd period - Stopped by Roberto Luongo without a rebound.
5:01 of 2nd period - Tyler Toffoli wins face-off versus Ryan Nugent-Hopkins in RedWings zone.
5:01 of 2nd period - Tyler Toffoli is hit by Paul Byron.
5:11 of 2nd period - Shot by Ryan Hartman.
5:11 of 2nd period - Stopped by Jonathan Quick with a rebound.
5:13 of 2nd period - Shot by Ryan Hartman.
5:13 of 2nd period - Shot Misses the Net.
5:15 of 2nd period - Shot by Ryan Hartman.
5:15 of 2nd period - Shot Blocked by Duncan Keith.
5:17 of 2nd period - Shot by Nick Jensen.
5:17 of 2nd period - Shot Misses the Net.
5:19 of 2nd period - Shot by Eric Gryba.
5:19 of 2nd period - Stopped by Jonathan Quick without a rebound.
5:20 of 2nd period - Sam Gagner wins face-off versus Jack Eichel in Stars zone.
5:25 of 2nd period - Shot by Loui Eriksson.
5:25 of 2nd period - Stopped by Jonathan Quick without a rebound.
5:26 of 2nd period - Jack Eichel wins face-off versus Loui Eriksson in Stars zone.
6:07 of 2nd period - Shot by Jonathan Huberdeau.
6:07 of 2nd period - Shot Misses the Net.
6:09 of 2nd period - Shot by Jonathan Huberdeau.
6:09 of 2nd period - Deflect By Kyle Okposo.
6:09 of 2nd period - Stopped by Roberto Luongo without a rebound.
6:10 of 2nd period - Sean Monahan wins face-off versus Ryan Nugent-Hopkins in RedWings zone.
6:15 of 2nd period - Rasmus Ristolainen is hit by Sean Monahan.
6:23 of 2nd period - Shot by Paul Byron.
6:23 of 2nd period - Stopped by Roberto Luongo with a rebound.
6:49 of 2nd period - Shot by David Pastrnak.
6:49 of 2nd period - Shot Misses the Net.
7:43 of 2nd period - Shot by Richard Panik.
7:43 of 2nd period - Shot Misses the Net.
8:05 of 2nd period - Shot by Loui Eriksson.
8:05 of 2nd period - Shot Blocked by Brandon Manning.
8:16 of 2nd period - Off-side.
8:17 of 2nd period - Jack Eichel wins face-off versus Sean Monahan in neutral zone.
8:24 of 2nd period - Shot by Jack Eichel.
8:24 of 2nd period - Shot Misses the Net.
8:26 of 2nd period - Shot by Jack Eichel.
8:26 of 2nd period - Stopped by Roberto Luongo without a rebound.
8:27 of 2nd period - Erik Haula wins face-off versus John Mitchell in RedWings zone.
8:38 of 2nd period - John Mitchell is hit by Eric Gryba.
9:02 of 2nd period - Shot by Jonny Brodzinski.
9:02 of 2nd period - Shot Blocked by Nick Jensen.
9:04 of 2nd period - Shot by Jonny Brodzinski.
9:04 of 2nd period - Shot Misses the Net.
9:11 of 2nd period - Icing by Ryan Hartman.
9:12 of 2nd period - Jack Eichel wins face-off versus Erik Haula in RedWings zone.
9:12 of 2nd period - Kyle Okposo is hit by Eric Gryba and loses puck.
9:23 of 2nd period - Shot by Jack Eichel.
9:23 of 2nd period - Deflect By Kyle Okposo.
9:23 of 2nd period - Shot Misses the Net.
9:31 of 2nd period - Shot by Jack Eichel.
9:31 of 2nd period - Stopped by Roberto Luongo without a rebound.
9:32 of 2nd period - Ryan Nugent-Hopkins wins face-off versus Sean Monahan in RedWings zone.
11:32 of 2nd period - Shot by Devin Shore.
11:32 of 2nd period - Shot Blocked by Dennis Seidenberg.
11:34 of 2nd period - Shot by Duncan Keith.
11:34 of 2nd period - Shot Misses the Net.
11:36 of 2nd period - Shot by Duncan Keith.
11:36 of 2nd period - Stopped by Roberto Luongo with a rebound.
11:38 of 2nd period - Shot by Duncan Keith.
11:38 of 2nd period - Shot Blocked by Kris Russell.
11:40 of 2nd period - Shot by Zdeno Chara.
11:40 of 2nd period - Shot Misses the Net.
12:03 of 2nd period - Duncan Keith is hit by Ben Lovejoy and loses puck.
12:20 of 2nd period - Icing by John Klingberg.
12:21 of 2nd period - John Mitchell wins face-off versus David Pastrnak in Stars zone.
12:21 of 2nd period - John Mitchell is hit by David Pastrnak.
12:27 of 2nd period - Eric Gryba is hit by John Mitchell and loses puck.
12:36 of 2nd period - Shot by Sean Monahan.
12:36 of 2nd period - Stopped by Jonathan Quick without a rebound.
12:36 of 2nd period - Minor Penalty to Rasmus Ristolainen for Slashing.
12:37 of 2nd period - Ryan Nugent-Hopkins wins face-off versus Sean Monahan in Stars zone.
12:37 of 2nd period - Ryan Nugent-Hopkins is hit by Filip Forsberg.
12:42 of 2nd period - Off-side.
12:43 of 2nd period - Paul Byron wins face-off versus Sean Monahan in neutral zone.
12:55 of 2nd period - Paul Martin is hit by Paul Byron and loses puck.
14:08 of 2nd period - Shot by Sam Gagner.
14:08 of 2nd period - Shot Misses the Net.
14:10 of 2nd period - Shot by Paul Martin.
14:10 of 2nd period - Stopped by Jonathan Quick without a rebound.
14:11 of 2nd period - Erik Haula wins face-off versus Ryan Nugent-Hopkins in Stars zone.
14:12 of 2nd period - Shot by David Pastrnak.
14:12 of 2nd period - Stopped by Jonathan Quick without a rebound.
14:13 of 2nd period - Ryan Nugent-Hopkins wins face-off versus Sam Gagner in Stars zone.
14:31 of 2nd period - Shot by David Pastrnak.
14:31 of 2nd period - Shot Misses the Net.
14:33 of 2nd period - Shot by Ben Lovejoy.
14:33 of 2nd period - Stopped by Jonathan Quick without a rebound.
14:34 of 2nd period - Ryan Nugent-Hopkins wins face-off versus Sean Monahan in Stars zone.
14:53 of 2nd period - Shot by Tyler Toffoli.
14:53 of 2nd period - Stopped by Jonathan Quick without a rebound.
14:54 of 2nd period - John Mitchell wins face-off versus Sean Monahan in Stars zone.
14:54 of 2nd period - John Mitchell is hit by David Pastrnak.
14:59 of 2nd period - Icing by Duncan Keith.
15:00 of 2nd period - Erik Haula wins face-off versus John Mitchell in Stars zone.
15:15 of 2nd period - Shot by Micheal Ferland.
15:15 of 2nd period - Shot Blocked by Zdeno Chara.
15:17 of 2nd period - Shot by Micheal Ferland.
15:17 of 2nd period - Shot Misses the Net.
15:19 of 2nd period - Shot by Paul Martin.
15:19 of 2nd period - Stopped by Jonathan Quick without a rebound.
15:20 of 2nd period - Sean Monahan wins face-off versus Jack Eichel in Stars zone.
15:58 of 2nd period - Shot by Jonathan Huberdeau.
15:58 of 2nd period - Deflect By Jack Eichel.
15:58 of 2nd period - Stopped by Roberto Luongo with a rebound.
16:32 of 2nd period - Shot by Jonathan Drouin.
16:32 of 2nd period - Stopped by Jonathan Quick with a rebound.
16:38 of 2nd period - Shot by Loui Eriksson.
16:38 of 2nd period - Shot Misses the Net.
16:45 of 2nd period - Sam Gagner is hit by Zdeno Chara and loses puck.
17:22 of 2nd period - Shot by Tyler Toffoli.
17:22 of 2nd period - Shot Misses the Net.
17:24 of 2nd period - Shot by Erik Haula.
17:24 of 2nd period - Shot Blocked by Duncan Keith.
17:42 of 2nd period - Shot by David Pastrnak.
17:42 of 2nd period - Shot Blocked by Ryan Nugent-Hopkins.
17:44 of 2nd period - Shot by Filip Forsberg.
17:44 of 2nd period - Shot Blocked by Zdeno Chara.
17:51 of 2nd period - Filip Forsberg is hit by Zdeno Chara and loses puck.
17:58 of 2nd period - Shot by Filip Forsberg.
17:58 of 2nd period - Shot Blocked by Zdeno Chara.
18:00 of 2nd period - Shot by Dennis Seidenberg.
18:00 of 2nd period - Stopped by Jonathan Quick without a rebound.
18:01 of 2nd period - Devin Shore wins face-off versus Sam Gagner in Stars zone.
18:07 of 2nd period - Jonathan Drouin is hit by Brandon Manning and loses puck.
18:10 of 2nd period - Shot by Loui Eriksson.
18:10 of 2nd period - Stopped by Jonathan Quick without a rebound.
18:11 of 2nd period - Erik Haula wins face-off versus John Mitchell in Stars zone.
18:17 of 2nd period - Icing by Rasmus Ristolainen.
18:18 of 2nd period - John Mitchell wins face-off versus Sam Gagner in Stars zone.
19:13 of 2nd period - Sam Gagner is hit by Jonathan Huberdeau and loses puck.
Goals for this period are 0 for Stars vs 3 for RedWings.
Shots for this period are 8 for Stars vs 20 for RedWings.

3rd period


0:01 of 3rd period - Jack Eichel wins face-off versus Sean Monahan in neutral zone.
0:26 of 3rd period - Shot by Kyle Okposo.
0:26 of 3rd period - Stopped by Roberto Luongo without a rebound.
0:27 of 3rd period - Paul Byron wins face-off versus Sam Gagner in RedWings zone.
0:50 of 3rd period - Icing by Kris Russell.
0:51 of 3rd period - Sam Gagner wins face-off versus Jack Eichel in RedWings zone.
1:04 of 3rd period - Shot by Jack Eichel.
1:04 of 3rd period - Shot Misses the Net.
1:41 of 3rd period - Minor Penalty to Paul Byron for Hooking.
1:42 of 3rd period - Ryan Nugent-Hopkins wins face-off versus Sean Monahan in Stars zone.
3:20 of 3rd period - Icing by David Pastrnak.
3:21 of 3rd period - Ryan Nugent-Hopkins wins face-off versus Erik Haula in RedWings zone.
4:14 of 3rd period - Minor Penalty to Filip Forsberg for Goalie Interference.
4:15 of 3rd period - Jack Eichel wins face-off versus Tyler Toffoli in RedWings zone.
4:16 of 3rd period - Shot by John Klingberg.
4:16 of 3rd period - Shot Misses the Net.
4:18 of 3rd period - Shot by Duncan Keith.
4:18 of 3rd period - Shot Misses the Net.
4:20 of 3rd period - Shot by Duncan Keith.
4:20 of 3rd period - Shot Blocked by Ben Lovejoy.
4:22 of 3rd period - Shot by Duncan Keith.
4:22 of 3rd period - Goal by Duncan Keith - Stars : 1 - RedWings : 3.
4:23 of 3rd period - Sean Monahan wins face-off versus Richard Panik in neutral zone.
4:23 of 3rd period - Sean Monahan is hit by Tommy Wingels.
4:32 of 3rd period - Minor Penalty to Brandon Manning for Hooking.
4:33 of 3rd period - Ryan Nugent-Hopkins wins face-off versus Sean Monahan in Stars zone.
5:44 of 3rd period - David Pastrnak is hit by John Mitchell.
5:59 of 3rd period - Off-side.
6:00 of 3rd period - Sean Monahan wins face-off versus Ryan Nugent-Hopkins in neutral zone.
6:25 of 3rd period - Icing by Filip Forsberg.
6:26 of 3rd period - Devin Shore wins face-off versus Sean Monahan in RedWings zone.
6:41 of 3rd period - Shot by Jack Eichel.
6:41 of 3rd period - Stopped by Roberto Luongo without a rebound.
6:42 of 3rd period - Erik Haula wins face-off versus Devin Shore in RedWings zone.
7:14 of 3rd period - Shot by Erik Haula.
7:14 of 3rd period - Stopped by Jonathan Quick without a rebound.
7:15 of 3rd period - Kyle Okposo wins face-off versus Sean Monahan in Stars zone.
7:15 of 3rd period - Kyle Okposo is hit by Sean Monahan.
7:27 of 3rd period - Shot by David Pastrnak.
7:27 of 3rd period - Shot Misses the Net.
7:29 of 3rd period - Shot by David Pastrnak.
7:29 of 3rd period - Deflect By Filip Forsberg.
7:29 of 3rd period - Stopped by Jonathan Quick without a rebound.
7:30 of 3rd period - Ryan Nugent-Hopkins wins face-off versus Sam Gagner in Stars zone.
8:03 of 3rd period - Shot by Jonathan Drouin.
8:03 of 3rd period - Shot Misses the Net.
8:05 of 3rd period - Shot by Eric Gryba.
8:05 of 3rd period - Shot Blocked by John Klingberg.
8:19 of 3rd period - Shot by Sean Monahan.
8:19 of 3rd period - Stopped by Jonathan Quick without a rebound.
8:20 of 3rd period - Erik Haula wins face-off versus Jack Eichel in Stars zone.
8:25 of 3rd period - Shot by Ryan Hartman.
8:25 of 3rd period - Shot Blocked by Zdeno Chara.
9:34 of 3rd period - Shot by Sean Monahan.
9:34 of 3rd period - Stopped by Jonathan Quick without a rebound.
9:35 of 3rd period - John Mitchell wins face-off versus Sam Gagner in Stars zone.
10:02 of 3rd period - Icing by Rasmus Ristolainen.
10:03 of 3rd period - Sean Monahan wins face-off versus Jonny Brodzinski in Stars zone.
10:11 of 3rd period - David Pastrnak is hit by Rasmus Ristolainen and loses puck.
10:20 of 3rd period - Shot by David Pastrnak.
10:20 of 3rd period - Stopped by Jonathan Quick without a rebound.
10:21 of 3rd period - Jack Eichel wins face-off versus Sam Gagner in Stars zone.
10:58 of 3rd period - Shot by Jack Eichel.
10:58 of 3rd period - Goal by Jack Eichel - Stars : 2 - RedWings : 3.
10:59 of 3rd period - Sean Monahan wins face-off versus Jakub Voracek in neutral zone.
11:08 of 3rd period - Shot by Filip Forsberg.
11:08 of 3rd period - Shot Misses the Net.
11:13 of 3rd period - Jakub Voracek is hit by Dennis Seidenberg and loses puck.
11:14 of 3rd period - Minor Penalty to Dennis Seidenberg for Cross-checking.
11:15 of 3rd period - Erik Haula wins face-off versus Ryan Nugent-Hopkins in RedWings zone.
11:15 of 3rd period - Erik Haula is hit by Paul Byron.
12:03 of 3rd period - Shot by Jonathan Huberdeau.
12:03 of 3rd period - Deflect By Kyle Okposo.
12:03 of 3rd period - Shot Misses the Net.
12:05 of 3rd period - Shot by Zdeno Chara.
12:05 of 3rd period - Stopped by Roberto Luongo with a rebound.
12:07 of 3rd period - Shot by Rasmus Ristolainen.
12:07 of 3rd period - Shot Blocked by Paul Martin.
12:09 of 3rd period - Shot by Zdeno Chara.
12:09 of 3rd period - Shot Blocked by Paul Martin.
12:11 of 3rd period - Shot by Zdeno Chara.
12:11 of 3rd period - Shot Blocked by Thomas Hickey.
13:25 of 3rd period - Brandon Manning is hit by Filip Forsberg and loses puck.
14:45 of 3rd period - Icing by Kris Russell.
14:46 of 3rd period - Sam Gagner wins face-off versus Jack Eichel in RedWings zone.
15:14 of 3rd period - Shot by David Pastrnak.
15:14 of 3rd period - Shot Misses the Net.
15:52 of 3rd period - Shot by Loui Eriksson.
15:52 of 3rd period - Deflect By Filip Forsberg.
15:52 of 3rd period - Stopped by Jonathan Quick with a rebound.
15:54 of 3rd period - Shot by Eric Gryba.
15:54 of 3rd period - Stopped by Jonathan Quick with a rebound.
15:56 of 3rd period - Shot by Eric Gryba.
15:56 of 3rd period - Shot Misses the Net.
16:22 of 3rd period - Shot by Ryan Hartman.
16:22 of 3rd period - Stopped by Jonathan Quick without a rebound.
16:23 of 3rd period - Devin Shore wins face-off versus David Pastrnak in Stars zone.
16:25 of 3rd period - Icing by Richard Panik.
16:26 of 3rd period - Devin Shore wins face-off versus Sam Gagner in Stars zone.
16:37 of 3rd period - Shot by Devin Shore.
16:37 of 3rd period - Shot Misses the Net.
16:39 of 3rd period - Shot by Devin Shore.
16:39 of 3rd period - Shot Misses the Net.
16:54 of 3rd period - Icing by Jonathan Drouin.
16:55 of 3rd period - John Mitchell wins face-off versus Sam Gagner in RedWings zone.
17:12 of 3rd period - Shot by Jonny Brodzinski.
17:12 of 3rd period - Deflect By John Mitchell.
17:12 of 3rd period - Stopped by Roberto Luongo without a rebound.
17:13 of 3rd period - Erik Haula wins face-off versus Jack Eichel in RedWings zone.
17:24 of 3rd period - Shot by Ryan Hartman.
17:24 of 3rd period - Deflect By Tyler Toffoli.
17:24 of 3rd period - Shot Misses the Net.
17:26 of 3rd period - Shot by Erik Haula.
17:26 of 3rd period - Shot Misses the Net.
17:55 of 3rd period - Icing by Duncan Keith.
17:56 of 3rd period - Kyle Okposo wins face-off versus Filip Forsberg in Stars zone.
18:02 of 3rd period - Off-side.
18:03 of 3rd period - Sean Monahan wins face-off versus Ryan Nugent-Hopkins in neutral zone.
18:16 of 3rd period - Shot by David Pastrnak.
18:16 of 3rd period - Deflect By Filip Forsberg.
18:16 of 3rd period - Shot Misses the Net.
18:18 of 3rd period - Shot by Filip Forsberg.
18:18 of 3rd period - Goal by Filip Forsberg - Stars : 2 - RedWings : 4.
18:19 of 3rd period - Filip Forsberg wins face-off versus Devin Shore in neutral zone.
18:22 of 3rd period - Shot by Sean Monahan.
18:22 of 3rd period - Shot Misses the Net.
18:40 of 3rd period - Shot by Filip Forsberg.
18:40 of 3rd period - Stopped by Jonathan Quick without a rebound.
18:41 of 3rd period - Ryan Nugent-Hopkins wins face-off versus Erik Haula in Stars zone.
18:41 of 3rd period - Ryan Nugent-Hopkins is hit by Ryan Hartman.
19:32 of 3rd period - Shot by Sam Gagner.
19:32 of 3rd period - Shot Misses the Net.
Goals for this period are 2 for Stars vs 1 for RedWings.
Shots for this period are 6 for Stars vs 10 for RedWings.